 Dungeon Crawl Stone Soup version 0.29.1-2-gbd0b4ee654 (webtiles) character file.

Game seed: 15550802939110037488

29 DocClef the Insei (level 3, -3/28 HPs)
             Began as a Gnoll Transmuter on Nov 5, 2022.
             Slain by Terence
             ... wielding a +0 morningstar
              (7 damage)
             ... on level 2 of the Dungeon.
             The game lasted 00:01:14 (1264 turns).

DocClef the Insei (Gnoll Transmuter)                Turns: 1264, Time: 00:01:14

Health: -3/28      AC:  2    Str:  9    XL:     3   Next: 16%
Magic:  9/9        EV: 13    Int: 14    God:
Gold:   22         SH:  0    Dex: 12    Spells: 11/12 levels left

rFire   . . .      SeeInvis .   f - +0 short sword
rCold   . . .      Faith    .   (no shield)
rNeg    . . .      Spirit   .   a - +0 robe
rPois   .          Reflect  .   (helmet currently unavailable)
rElec   .          Harm     .   (no cloak)
rCorr   .          Rampage  .   (no gloves)
Will    .....                   (boots currently unavailable)
Stlth   +.........              (no amulet)
HPRegen 0.09/turn               (no ring)
MPRegen 0.11/turn               (no ring)

@: appendages (expiring)
A: horns 2, talons 2, fangs 1, strong nose, distributed training
a: End Transformation


You were on level 2 of the Dungeon.
You had temporarily grown beastly horns and talons.
You visited 1 branch of the dungeon, and saw 2 of its levels.

You collected 22 gold pieces.

Inventory:

Hand Weapons
 f - a +0 short sword (weapon)
Armour
 a - a +0 robe (worn)
 h - a +0 hat
Jewellery
 d - a ring of protection from cold
Scrolls
 e - a scroll of magic mapping {unknown}
Potions
 b - 2 potions of lignification
 c - a potion of attraction {unknown}
 g - a potion of heal wounds {unknown}


   Skills:
 + Level 2.6 Fighting
 + Level 0.7 Short Blades
 + Level 0.7 Long Blades
 + Level 0.7 Axes
 + Level 0.7 Maces & Flails
 + Level 0.7 Polearms
 + Level 0.7 Staves
 + Level 0.7 Ranged Weapons
 + Level 0.7 Throwing
 + Level 0.7 Armour
 + Level 4.5 Dodging
 + Level 0.7 Stealth
 + Level 0.7 Shields
 + Level 6.5 Unarmed Combat
 + Level 5.0 Spellcasting
 + Level 0.5 Conjurations
 + Level 0.5 Hexes
 + Level 0.5 Summonings
 + Level 0.5 Necromancy
 + Level 0.5 Translocations
 + Level 3.7 Transmutations
 + Level 0.5 Fire Magic
 + Level 0.5 Ice Magic
 + Level 0.5 Air Magic
 + Level 0.5 Earth Magic
 + Level 0.5 Poison Magic
 + Level 0.9 Invocations
 + Level 0.7 Evocations


You had 11 spell levels left.
You knew the following spells:

 Your Spells              Type           Power      Damage    Failure   Level
a - Beastly Appendage     Tmut           28%        N/A       3%          1

Your spell library contained the following spells:

 Spells                   Type           Power      Damage    Failure   Level
 Wereblood                Tmut           14%        N/A       5%          2
 Spider Form              Tmut/Pois      9%         N/A       22%         3
 Ice Form                 Ice/Tmut       9%         N/A       58%         4


Dungeon Overview and Level Annotations

Branches:
Dungeon (2/15)

Altars:

Annotations:
D:2 Terence


Innate Abilities, Weirdness & Mutations

You have temporarily grown beastly horns and talons.
You have very sharp teeth.
Your uncanny sense of smell can sniff out nearby items.
Your experience applies equally to all skills.


Message History

You grow a pair of large bovine horns.
Your feet morph into talons.
Terence hits you with a +0 morningstar.
You barely miss Terence. Your kick misses Terence.
Your headbutt misses Terence. Terence closely misses you.
You hit Terence but do no damage. Your kick misses Terence.
Terence hits you with a +0 morningstar!
You are too injured to fight recklessly!
You are too injured to fight recklessly!
You are too injured to fight recklessly!
You barely miss Terence. You claw Terence, but do no damage.
You headbutt Terence! Your punch misses Terence.
Terence is heavily wounded.
Your transformation is almost over.
Terence barely misses you.
You barely miss Terence.
Terence is heavily wounded.
Terence barely misses you.
You barely miss Terence. You claw Terence, but do no damage.
Terence is heavily wounded.
Terence closely misses you.
You hit Terence. You claw Terence, but do no damage.
You bite Terence, but do no damage.
Terence is heavily wounded.
Terence hits you with a +0 morningstar!
* * * LOW HITPOINT WARNING * * *
You hit Terence but do no damage. Your kick misses Terence.
Your headbutt misses Terence.
Terence is heavily wounded.
Terence completely misses you.
You hit Terence but do no damage. You punch Terence.
Terence is severely wounded.
Terence hits you with a +0 morningstar.
* * * LOW HITPOINT WARNING * * *
You barely miss Terence. You claw Terence, but do no damage.
Terence is severely wounded.
Terence completely misses you.
You hit Terence but do no damage. Your bite misses Terence.
Terence is severely wounded.
Terence hits you with a +0 morningstar!
You die...

## ...# .#.# .
.#.# ... .#.#
>....#####.#.#
.....b@@...#.#
....#.###.##.#
. ...........#
#.########.## #
..##..# .
#.###.# ..# #.#
#.#####
...###.#
#.....+
#....[###.#####


You could see Terence and a bat.

Vanquished Creatures
  A dart slug (D:1)
  3 endoplasms (D:1)
  6 hobgoblins
  3 quokkas
  2 ball pythons (D:1)
  3 bats (D:1)
  A frilled lizard (D:1)
  A goblin (D:1)
  3 kobolds (D:1)
  3 rats (D:1)
26 creatures vanquished.

Notes
Turn   | Place    | Note
-------+----------+-------------------------------------------
     0 | D:1      | DocClef the Gnoll Transmuter began the quest for the Orb.
     0 | D:1      | Reached XP level 1. HP: 17/17 MP: 6/6
   377 | D:1      | Reached XP level 2. HP: 23/23 MP: 5/7
   721 | D:1      | Found a faded altar of an unknown god.
   809 | D:1      | Reached skill level 5 in Spellcasting
   809 | D:1      | Reached XP level 3. HP: 26/28 MP: 6/9
  1249 | D:2      | Noticed Terence
  1264 | D:2      | Slain by Terence

Illustrated notes

Levels and vault maps discovered:
D:1:      lightli_arrival_statue_moat, layout_loops_ring,
          shapermc_ecumenical_altar_totnotflames
D:2:      layout_basic, minmay_vboxes, uniq_terence

Skill      XL: |  1  2 |
---------------+-------+-----
Spellcasting   | 5 |  5.0
Fighting       | |  2.6
Short Blades   | |  0.7
Long Blades    | |  0.7
Axes           | |  0.7
Maces & Flails | |  0.7
Polearms       | |  0.7
Staves         | |  0.7
Ranged Weapons | |  0.7
Throwing       | |  0.7
Armour         | |  0.7
Dodging        | |  4.5
Stealth        | |  0.7
Shields        | |  0.7
Unarmed Combat | |  6.5
Conjurations   | |  0.5
Hexes          | |  0.5
Summonings     | |  0.5
Necromancy     | |  0.5
Translocations | |  0.5
Transmutations | |  3.7
Fire Magic     | |  0.5
Ice Magic      | |  0.5
Air Magic      | |  0.5
Earth Magic    | |  0.5
Poison Magic   | |  0.5
Invocations    | |  0.9
Evocations     | |  0.7

Action                   || total
-------------------------++-------
Melee: Unarmed           ||    37
       Kick              ||    14
       Headbutt          ||     8
       Bite              ||     4
       Short sword       ||    40
       Punch             ||     1
 Cast: Beastly Appendage ||    20
 Stab: Sleeping          ||     1
Armor: Robe              ||    14
Dodge: Dodged            ||    65
